 Dungeon Crawl Stone Soup version 0.30.1-11-g7821555f0a (webtiles) character file.

Game seed: 1576798282283546298

163 Kavash the Grave Robber (level 5, -4/38 HPs)
             Began as a Demonspawn Necromancer on Dec 24, 2023.
             Killed by divine providence
             ... invoked by an orc priest
              (14 damage)
             ... on level 4 of the Dungeon.
             The game lasted 00:07:38 (2989 turns).

Kavash the Grave Robber (Demonspawn Necromancer)    Turns: 2989, Time: 00:07:38

Health: -4/38      AC:  5    Str: 11    XL:     5   Next: 20%
Magic:  4/9        EV: 17    Int: 16    God:
Gold:   202        SH:  0    Dex: 13    Spells: 5/9 levels left

rFire   + . .        t - +0 mace
rCold   . . .        (no shield)
rNeg    . . .        a - +0 robe
rPois   .            (helmet restricted)
rElec   .            (no cloak)
rCorr   .            (no gloves)
SInv    .            (no boots)
Will    .....        (no amulet)
Stlth   ++           i - ring of protection from fire
HPRegen 0.26/turn    r - +5 ring of evasion
MPRegen 0.11/turn

%: no passive effects
@: no status effects
A: horns 2, slimy green scales 2
a: no special abilities


You were on level 4 of the Dungeon.
You visited 1 branch of the dungeon, and saw 4 of its levels.

You collected 202 gold pieces.

Inventory:

Hand Weapons
 t - a +0 mace (weapon)
Armour
 a - a +0 robe (worn)
Jewellery
 i - a ring of protection from fire (left hand)
 r - a +5 ring of evasion (right hand)
Scrolls
 c - a scroll of immolation {unknown}
 d - a scroll of noise {unknown}
 g - 2 scrolls of identify {unknown}
 l - a scroll of vulnerability {unknown}
 m - a scroll of enchant weapon {unknown}
 o - a scroll of blinking {unknown}
 q - a scroll of teleportation {unknown}
 s - a scroll of fog {unknown}
Potions
 b - a potion of magic
 f - a potion of heal wounds {unknown}
 j - 3 potions of flight {unknown}
 k - a potion of might {unknown}
 n - 2 potions of mutation {unknown}
 p - 2 potions of curing {unknown}


   Skills:
 * Level 1.7 Fighting
 + Level 0.7 Maces & Flails
 + Level 1.0 Armour
 + Level 2.2 Dodging
 + Level 2.1 Stealth
 + Level 0.7 Shields
 * Level 2.7 Spellcasting
 * Level 5.3 Necromancy


You had 5 spell levels left.
You knew the following spells:

 Your Spells              Type           Power      Damage    Failure   Level
a - Necrotise             Necr           76%        1d7       2%          1
b - Vampiric Draining     Necr           19%        2d7       6%          3

Your spell library contained the following spells:

 Spells                   Type           Power      Damage    Failure   Level
 Magic Dart               Conj           8%         1d3       19%         1
 Animate Dead             Necr           19%        N/A       22%         4
 Blink                    Tloc           4%         N/A       28%         2
 Call Imp                 Summ           4%         N/A       28%         2
 Lesser Beckoning         Tloc           4%         N/A       28%         2
 Momentum Strike          Conj/Tloc      4%         3d8       28%         2
 Mephitic Cloud           Conj/Pois/Air  2%         N/A       50%         3
 Agony                    Necr           19%        N/A       52%         5


Dungeon Overview and Level Annotations

Branches:
Dungeon (4/15)
 Temple: D:4-7

Altars:

Shops:
D:3 !


Innate Abilities, Weirdness & Mutations

You have a pair of horns on your head.
You are mostly covered in slimy green scales. (AC +3)


Message History

Aim: an orc priest, wielding a +0 dagger (moderately wounded, chance to affect: 78%)
The gnoll writhes in agony.
The orc shouts! x2; The gnoll shouts!
You hear a shout!
The orc priest mumbles some strange prayers to Beogh against you.
Beogh smites you!
Casting: Necrotise (safe; 2% risk of failure)
Confirm with . or Enter, or press ? or * to list all spells.
Aiming: Necrotise (safe; 2% risk of failure)
Press: ? - help, Shift-Dir - straight line, f/p - orc priest
Aim: an orc priest, wielding a +0 dagger (moderately wounded, chance to affect: 78%)
The gnoll writhes in agony.
The gnoll attacks as you move away! The gnoll barely misses you.
Casting: Necrotise (safe; 2% risk of failure)
Confirm with . or Enter, or press ? or * to list all spells.
Aiming: Necrotise (safe; 2% risk of failure)
Press: ? - help, Shift-Dir - straight line, f/p - orc priest
Aim: an orc priest, wielding a +0 dagger (moderately wounded, chance to affect: 78%)
The gnoll writhes in agony.
The gnoll barely misses you.
Casting: Necrotise (safe; 2% risk of failure)
Confirm with . or Enter, or press ? or * to list all spells.
Aiming: Necrotise (safe; 2% risk of failure)
Press: ? - help, Shift-Dir - straight line, f/p - orc priest
Aim: an orc priest, wielding a +0 dagger (moderately wounded, chance to affect: 78%)
The orc priest writhes in agony.
The gnoll hits you with a +0 flail! The gnoll attacks as you move away!
The gnoll barely misses you.
The orc priest mumbles some strange prayers to Beogh against you.
Pain shoots through your body!
* * * LOW HITPOINT WARNING * * *
There is a stone staircase leading up here.
Casting: Necrotise (safe; 2% risk of failure)
Confirm with . or Enter, or press ? or * to list all spells.
Aiming: Necrotise (safe; 2% risk of failure)
Press: ? - help, Shift-Dir - straight line, f/p - orc priest
Aim: an orc priest, wielding a +0 dagger (severely wounded, chance to affect: 78%)
The gnoll writhes in agony.
You kill the gnoll!
The dead are walking!
The orc priest invokes the aid of Beogh against you.
Beogh smites you!
You die...

#.###.##.#..#
..#Jg?....?..#
##.#..........#
#..#.oo......#
##..#.........####
###...####oo.)......
#≈≈~~~ #..........
#...####..)....#..
####.......Z@......#
#....#........#####.
#.>......#........
#...........######
#...###...### #...
#...# #.. ###.# #..
#... #. .)##


You could see an orc priest (ally target), a gnoll, 3 orcs, an endoplasm and a
friendly gnoll skeleton.

Vanquished Creatures
  Jessica (D:2)
  Natasha (thrice) (D:3)
  A gnoll (D:4)
  An adder (D:2)
  A worm (D:3)
  A dart slug (D:1)
  An orc (D:3)
  3 endoplasms
  8 giant cockroaches (D:1)
  5 goblins
  8 hobgoblins
  2 kobolds (D:1)
  4 ball pythons (D:1)
  3 bats (D:1)
  A frilled lizard (D:3)
  3 rats
46 creatures vanquished.

Vanquished Creatures (collateral kills)
  A giant cockroach (D:1)
  A frilled lizard (D:1)
2 creatures vanquished.

Grand Total: 48 creatures vanquished

Notes
Turn   | Place    | Note
-------+----------+-------------------------------------------
     0 | D:1      | Kavash the Demonspawn Necromancer began the quest for the
                  | Orb.
     0 | D:1      | Reached XP level 1. HP: 13/13 MP: 3/3
   184 | D:1      | Gained mutation: You have a pair of small horns on your
                  | head. [demonic ancestry]
   184 | D:1      | Reached XP level 2. HP: 19/19 MP: 0/5
   484 | D:1      | Reached skill level 5 in Necromancy
   538 | D:1      | Gained mutation: You have a pair of horns on your head.
                  | [demonic ancestry]
   538 | D:1      | Reached XP level 3. HP: 23/25 MP: 4/6
   652 | D:1      | Learned a level 3 spell: Vampiric Draining
   801 | D:2      | Noticed Jessica
   808 | D:2      | Killed Jessica
   809 | D:2      | Reached skill level 1 in Fighting
   935 | D:2      | Gained mutation: You are partially covered in slimy green
                  | scales. (AC +2) [demonic ancestry]
   935 | D:2      | Reached XP level 4. HP: 31/32 MP: 2/7
  1444 | D:3      | Noticed Natasha
  1453 | D:3      | Killed Natasha
  1832 | D:3      | Found Tuihumoin's Distillery.
  2002 | D:3      | Noticed Natasha
  2011 | D:3      | Killed Natasha
  2461 | D:3      | Noticed Natasha
  2471 | D:3      | Killed Natasha
  2472 | D:3      | Gained mutation: You are mostly covered in slimy green
                  | scales. (AC +3) [demonic ancestry]
  2472 | D:3      | Reached XP level 5. HP: 14/38 MP: 6/9
  2730 | D:3      | Reached skill level 1 in Armour
  2989 | D:4      | Killed from afar by an orc priest

Illustrated notes

Levels and vault maps discovered:
D:1:      dpeg_arrival_fog, layout_rooms, st_stairs_13, minmay_worlds_worst_comb
D:2:      layout_rooms, uniq_jessica
D:3:      layout_loops_corners, serial_shops, nicolae_shop_real_fake_doors,
          uniq_natasha
D:4:      kennysheep_slugbush, layout_rooms, chequers_serial_rivers_micro_a

Skill      XL: |  1  2  3  4  5 |
---------------+----------------+-----
Necromancy     | 5 |  5.3
Dodging        | 2 |  2.2
Fighting       | 1 |  1.7
Stealth        | 2 |  2.1
Armour         | 1 |  1.0
Maces & Flails | |  0.7
Shields        | |  0.7
Spellcasting   | |  2.7

Action                     |  1- 3 |  4- 6 || total
---------------------------+-------+-------++-------
  Melee: Dagger            |    15 |       ||    15
         Club              |    47 |    17 ||    64
         Headbutt          |     5 |     6 ||    11
         Mace              |       |    11 ||    11
   Cast: Necrotise         |    36 |    31 ||    67
   Stab: Sleeping          |     4 |     1 ||     5
         Distracted        |     1 |       ||     1
 Armour: Robe              |    18 |     3 ||    21
  Dodge: Dodged            |    49 |    31 ||    80
